 Dungeon Crawl Stone Soup version 0.31-a0-431-g88bdf31460 (webtiles) character file.

Game seed: 17255069302281006139

697 lunkers the Martial Artist (level 8, -1/59 HPs)
             Began as a Meteoran Shapeshifter on July 31, 2023.
             Was an Initiate of Gozag.
             Slain by a gnoll
             ... wielding a +0 halberd
             ... led by a gnoll sergeant
              (7 damage)
             ... on level 5 of the Dungeon.
             The game lasted 00:06:31 (2351 turns).

lunkers the Martial Artist (Meteoran Shapeshifter)  Turns: 2351, Time: 00:06:31

Health: -1/59      AC:  2    Str: 17    XL:     8   Next: 18%
Magic:  9/9        EV: 13    Int:  9    God:    Gozag
Gold:   199        SH:  0    Dex: 17    Spells: 7/7 levels left

rFire   . .          .
                       - Unarmed
rCold   . . .        (no shield)
rNeg    . . .        a - +0 animal skin
rPois   .            (helmet currently unavailable)
rElec   .            (cloak currently unavailable)
rCorr   .            (gloves currently unavailable)
SInv    .            (boots currently unavailable)
Will    +....        m - amulet of regeneration
Stlth   +            (no ring)
HPRegen 1.09/turn    (no ring)
MPRegen 0.11/turn

%: no passive effects
@: beast-form, gold aura, glowing, studying Unarmed Combat
A: beast (slay +2), sense surroundings 1, otherworldly, glowing, explore regen
a: Begin Untransformation, Renounce Religion, Potion Petition, Call Merchant,
Bribe Branch


You were on level 5 of the Dungeon.
You worshipped Gozag.
Gozag was aware of your devotion.
You were a hulking beast.
You visited 1 branch of the dungeon, and saw 5 of its levels.
You also visited: Sewer.

You collected 311 gold pieces.
You paid 112 gold pieces to Gozag.

Inventory:

Armour
 a - a +0 animal skin (worn)
 n - a +2 cloak
Jewellery
 b - an amulet of the acrobat
 m - an amulet of regeneration (around neck)
Talismans
 c - a beast talisman (active)
Wands
 f - a wand of polymorph (3)
Scrolls
 p - 2 scrolls of blinking
Potions
 d - a potion of curing {unknown}
 e - 3 potions of mutation {unknown}
 g - a potion of brilliance {unknown}
 i - a potion of enlightenment {unknown}
 j - a potion of degeneration {unknown}
 k - 2 potions of magic


   Skills:
 + Level 1.5 Fighting
 + Level 2.7 Dodging
 + Level 12.1 Unarmed Combat
 - Level 3.6 Shapeshifting


You had 7 spell levels left.
You didn't know any spells.
Your spell library contained the following spells:

 Spells                   Type           Power      Damage    Failure   Level
 Apportation              Tloc           0%         N/A       38%         1
 Shock                    Conj/Air       0%         1d3       38%         1
 Summon Small Mammal      Summ           0%         N/A       38%         1
 Sublimation of Blood     Necr           0%         N/A       52%         2
 Call Canine Familiar     Summ           0%         N/A       77%         3
 Summon Guardian Golem    Hex/Summ       0%         N/A       77%         3
 Swiftness                Air            0%         N/A       77%         3
 Airstrike                Air            0%         2d(0-16)  99%         4
 Petrify                  Tmut/Erth      0%         N/A       99%         4
 Alistair's Intoxication  Tmut/Pois      0%         N/A       100%        5
 Irradiate                Conj/Tmut      0%         3d11      100%        5


Dungeon Overview and Level Annotations

Branches:
Dungeon (5/15) Zot: 931     Sewer (visited)
 Temple: D:4-7

Altars:
Gozag

Shops:
D:5 *

Annotations:
D:3 2 transporters, XomNomNom's ghost, amateur HOMo


Innate Abilities, Weirdness & Mutations

You are a hulking beast.
Your limbs bulge with bestial killing power. (Slay +2)
You passively map a small area around you.
You are easily found by Zot.
You glow in the dark.
You regain HP and MP as you explore.


Message History

The gnoll closely misses you. The gnoll hits you with a +0 spear.
You punch the gnoll!
The gnoll is severely wounded.
You barely miss the gnoll.
The gnoll is severely wounded.
The gnoll misses you. The gnoll hits you with a +0 spear.
You punch the gnoll!
You kill the gnoll!
The gnoll barely misses you.
The gnoll sergeant hits you from afar with a +0 heavy spear!
The gnoll barely misses you.
Things that are here:
6 gold pieces; a +0 spear You punch the gnoll sergeant!
The gnoll sergeant is moderately wounded.
The gnoll sergeant hits you with a +0 heavy spear.
* * * LOW HITPOINT WARNING * * *
The gnoll barely misses you. The gnoll misses you.
You hit the gnoll sergeant but do no damage.
The gnoll sergeant is moderately wounded.
Unknown command.
You hit the gnoll sergeant.
The gnoll sergeant is heavily wounded.
The gnoll sergeant hits you with a +0 heavy spear!
* * * LOW HITPOINT WARNING * * *
The gnoll barely misses you. The gnoll misses you.
Unknown command.
You punch the gnoll sergeant!
The gnoll sergeant is almost dead.
The gnoll hits you with a +0 halberd!
* * * LOW HITPOINT WARNING * * *
The gnoll hits you from afar with a +0 spear.
* * * LOW HITPOINT WARNING * * *
You barely miss the gnoll sergeant. You punch the gnoll sergeant.
The gnoll sergeant is almost dead.
The gnoll sergeant hits you with a +0 heavy spear!
* * * LOW HITPOINT WARNING * * *
The gnoll hits you with a +0 halberd!
You die...
Your body crumbles into a pile of gold.

##########
#......##.
#.###...## #.#
##...# ##.# ##...
* * #####..# ##..
##########.....##
##.
.....ggh...#####
## .#....g##.## *
#.........., ###
, .......##.### *
#.# .##...# #.#
#.# ### ##..* #.#
###.####.. , #..*
.#.#*##...##...#
, #..# #
#.##.......###
..#* ##......∩#.#


You could see a gnoll sergeant and 2 gnolls.

Vanquished Creatures
  A black bear (D:5)
  2 bullfrogs (Sewer)
  A scorpion (D:4)
  A howler monkey (D:5)
  2 hounds (D:5)
  An orc priest (D:4)
  3 iguanas
  Natasha (twice) (D:4)
  An orc wizard (D:4)
  A gnoll (D:5)
  A river rat (D:3)
  3 adders (Sewer)
  A worm (D:4)
  2 dart slugs
  8 orcs
  12 ball pythons
  5 bats
  3 endoplasms
  4 giant cockroaches
  7 hobgoblins
  3 jackals (D:1)
  9 quokkas
  6 frilled lizards
  5 goblins
  8 kobolds
  5 rats
97 creatures vanquished.

Notes
Turn   | Place    | Note
-------+----------+-------------------------------------------
     0 | D:1      | lunkers the Meteoran Shapeshifter began the quest for the
                  | Orb.
     0 | D:1      | Reached XP level 1. HP: 16/16 MP: 2/2
   123 | D:1      | Reached skill level 4 in Unarmed Combat
   124 | D:1      | Reached XP level 2. HP: 23/23 MP: 3/3
   256 | D:1      | You fall into a shaft and drop 1 floor!
   316 | D:2      | Reached XP level 3. HP: 22/28 MP: 4/4
   815 | D:2      | Reached skill level 5 in Unarmed Combat
  1089 | D:3      | Found a transporter.
  1101 | D:3      | Noticed XomNomNom's ghost (amateur HOMo)
  1161 | D:3      | Found a glowing drain.
  1170 | D:3      | Reached XP level 4. HP: 20/35 MP: 5/5
  1233 | Sewer    | Entered a sewer
  1263 | Sewer    | Reached skill level 6 in Unarmed Combat
  1313 | Sewer    | Reached XP level 5. HP: 40/40 MP: 6/6
  1429 | Sewer    | Noticed a bullfrog
  1433 | Sewer    | Noticed a bullfrog
  1438 | Sewer    | Killed a bullfrog
  1439 | Sewer    | Reached skill level 7 in Unarmed Combat
  1439 | Sewer    | Reached XP level 6. HP: 41/47 MP: 7/7
  1482 | Sewer    | Identified a scroll of acquirement
  1482 | Sewer    | Acquired a manual of Unarmed Combat
  1568 | D:3      | Found a transporter.
  1695 | D:4      | Reached skill level 8 in Unarmed Combat
  1759 | D:4      | Reached skill level 9 in Unarmed Combat
  1759 | D:4      | Reached XP level 7. HP: 37/52 MP: 8/8
  1840 | D:4      | Noticed Natasha
  1846 | D:4      | Killed Natasha
  1863 | D:4      | Noticed Natasha
  1866 | D:4      | Killed Natasha
  1867 | D:4      | Reached skill level 10 in Unarmed Combat
  2011 | D:5      | Entered Level 5 of the Dungeon
  2075 | D:5      | Found an opulent altar of Gozag.
  2137 | D:5      | Became a worshipper of Gozag Ym Sagoz the Greedy
  2180 | D:5      | Reached skill level 11 in Unarmed Combat
  2199 | D:5      | Reached XP level 8. HP: 45/59 MP: 9/9
  2272 | D:5      | Found Jiery's Lightly-Used Armoury.
  2312 | D:5      | Reached skill level 12 in Unarmed Combat
  2351 | D:5      | Slain by a gnoll

Illustrated notes

Levels and vault maps discovered:
D:1:      dpeg_chamrin_arrival_tetris, layout_loops_corners
D:2:      layout_rooms
D:3:      layout_basic, minitemple, vehumet_crystals, portal_sewer_entry_a,
          gammafunk_ghost_stat_death
D:4:      layout_cave_pods, serial_park, serial_park_square3
          [serial_park_minivault_5x5_5], serial_park_paths
          [serial_park_minivault_5x5_8], serial_park_tiny_pond,
          serial_park_square1 [serial_park_minivault_5x5_1], serial_park_tiny_1,
          uniq_natasha
D:5:      black_bear_nest_2, layout_loops_ring, grunt_gozag_statues,
          minmay_shop_damaged, nicolae_underground_beach

Skill      XL: |  1  2  3  4  5  6  7  8 |
---------------+-------------------------+-----
Unarmed Combat | 4 5 6 7 9 11 12 | 12.1
Fighting       | |  1.5
Dodging        | |  2.7
Shapeshifting  | |  3.6

Action                     |  1- 3 |  4- 6 |  7- 9 || total
---------------------------+-------+-------+-------++-------
  Melee: Unarmed           |    67 |   104 |    76 ||   247
         Punch             |     4 |     5 |     4 ||    13
    Use: Potion            |       |     1 |       ||     1
         Scroll            |       |     6 |       ||     6
 Armour: Animal skin       |    14 |    10 |     7 ||    31
         Skin              |       |     8 |       ||     8
  Dodge: Dodged            |    35 |    52 |    37 ||   124

Table legend: (Time is in decaauts)
 A = Elapsed time spent in this place.
 B = Non-inter-level travel time spent in this place.
 C = Inter-level travel time spent in this place.
 D = Time resting spent in this place.
 E = Time spent auto-exploring this place.
 F = Levels seen in this place.
 G = Mean time per level.
                   A        B        C        D        E       F      G
               +--------+--------+--------+--------+--------+-----+--------+
         Total |   2355 |   2307 |     48 |     22 |   1502 |   6 |  392.5 |
       Dungeon |   2067 |   2019 |     48 |      0 |   1433 |   5 |  413.4 |
         Sewer |    287 |    287 |      0 |     22 |     69 |   1 |  287.0 |
               +--------+--------+--------+--------+--------+-----+--------+

Top non-repeatable levels by time:
     D:1: 609 daAuts
     D:4: 397 daAuts
     D:2: 374 daAuts
     D:3: 356 daAuts
     D:5: 330 daAuts
   Sewer: 287 daAuts
